 Dungeon Crawl Stone Soup version 0.16-a0-4088-g7c8221e (webtiles) character file.

5311 vatarom the Skirmisher (level 10, -1/55 HPs)
             Began as a Vine Stalker Assassin on Feb 23, 2015.
             Was a High Priest of Okawaru.
             Slain by a troll (13 damage)
             ... on level 9 of the Dungeon.
             The game lasted 00:23:14 (8817 turns).

vatarom the Skirmisher (Vine Stalker Assassin)      Turns: 8817, Time: 00:23:14

Health: -1/55      AC:  9    Str: 17    XL:     10   Next: 64%
Magic:  0/13       EV: 14    Int: 11    God:    Okawaru [*****.]
Gold:   363        SH:  3    Dex: 16    Spells: 0 memorised, 9 levels left

rFire  . . .     SeeInvis .     b - +0 blowgun
rCold  + . .     Rnd*Rage +     c - +0 robe
rNeg   . . .     SustAb   +     m - +0 buckler
rPois  .         Gourm    .     B - +1 hat
rElec  .         Spirit   +     d - +1 cloak
rCorr  .         Warding  .     (no gloves)
rMut   .         Stasis   .     s - +0 pair of boots
MR     +....                    (no amulet)
Stlth  +++.......               o - ring of sustain abilities
                                u - ring of protection from cold

@: drained, somewhat resistant to hostile enchantments, fairly stealthy
A: fangs 3, thin metallic scales 1, berserk 1, regeneration 2, magic shield,
antimagic bite, no device heal 3, rot immunity, MP-powered wands 1
a: Heroism, Finesse, Renounce Religion


You were on level 9 of the Dungeon.
You worshipped Okawaru.
Okawaru was extremely pleased with you.
You were very full.

You visited 2 branches of the dungeon, and saw 10 of its levels.
You also visited: Sewer.

You collected 363 gold pieces.

Inventory:

Hand weapons
 a - a +4 dagger of piercing
 b - a +0 blowgun (weapon)
Missiles
 e - 66 poisoned needles (quivered)
 j - 8 tomahawks
Armour
 c - a +0 robe (worn)
 d - a +1 cloak (worn)
 m - a +0 buckler (worn)
 s - a +0 pair of boots (worn)
 B - a +1 hat (worn)
Jewellery
 o - a ring of sustain abilities (right hand)
 r - an uncursed ring of teleportation
 u - a ring of protection from cold (left hand)
 y - an uncursed ring of flight
Magical devices
 v - a wand of lightning (0)
 x - a wand of draining (0)
 z - a wand of digging (11)
Scrolls
 i - a scroll of amnesia
 l - 7 scrolls of identify
 n - 2 scrolls of recharging
 p - a scroll of blinking
Potions
 h - 3 potions of cancellation
 q - a potion of haste
 t - a potion of curing
 w - a potion of brilliance
 A - a potion of resistance
Comestibles
 g - 3 bread rations
 k - 2 meat rations


   Skills:
 - Level 7.3(6.8) Fighting
 - Level 7.2(6.8) Short Blades
 - Level 1.7(1.4) Throwing
 + Level 7.3(6.8) Armour
 - Level 5.4(5.0) Dodging
 - Level 5.0(4.6) Stealth


You had 9 spell levels left.
You didn't know any spells.

Dungeon Overview and Level Annotations

Branches:
Dungeon (9/15)             Temple (1/1) D:7
   Lair: D:8-11         Orc: D:9-12

Altars:
Ashenzari
Cheibriados
Dithmenos
Elyvilon
Fedhas
Gozag
Kikubaaqudgha
Makhleb
Nemelex Xobeh
Okawaru
Ru
Sif Muna
Vehumet
Xom
Yredelemnul
Zin
The Shining One

Annotations:
D:7 1 runed door


Innate Abilities, Weirdness & Mutations

You have razor-sharp teeth.
You heal very quickly.
When hurt, damage is shared between your health and your magic reserves.
Your bite disrupts and absorbs the magic of your enemies.
Potions and wands cannot restore your health.
You are immune to rotting.
You are partially covered in thin metallic scales (AC +2).
You tend to lose your temper in combat.
You expend magic power (3 MP) to slightly strengthen your wands.


Message History

You shoot a poisoned needle.
The poisoned needle barely misses the troll.
The poisoned needle hits the kobold!
The kobold is poisoned.
Firing (i - inventory. (,) - cycle):
e - 67 poisoned needles (quivered)
Press: ? - help, Shift-Dir - straight line, f/p - troll
Aim: a troll You shoot a poisoned needle.
The poisoned needle barely misses the troll.
The poisoned needle closely misses the kobold.
The troll bites you!
* * * LOW HITPOINT WARNING * * *
The troll misses you. The troll closely misses you.
You see here an orc corpse.
You kill the kobold!
The troll bites you but does no damage. The troll claws you.
* * * LOW HITPOINT WARNING * * *
You block the troll's attack.
You see here a jackal skeleton.
The troll bites you!
You die...

# ###.## #.# .####....#
#.#######
#..#.....####.........
#.....#.)†)[......#
##......####..#####
#...o...# ##..# . #..##...#
##.## .# ##.####..# #..#
#..# #..# #..## ##@#....#
##o## ##..# ##T....#.# #.o#
#..###÷<...##.# #..#
##..†..###..#.# ...##
#..).## #...# #...## #.†###
#<.# ##...## ##.##
#.u.........
#....###..#######.#........
#.....).......(............


You could see a troll.

Vanquished Creatures
  The ghost of Charly the Charmwright, an experienced NaSk of Cheibriados (D:8)
  A hill giant (D:8)
  An ugly thing (D:9)
  A troll (D:8)
  A hungry ghost (D:8)
  6 orc warriors
  A black bear (D:7)
  An ogre (D:8)
  4 centaurs
  5 big kobolds
  5 giant frogs
  2 scorpions
  8 wights
  2 killer bees (D:8)
  A quasit (D:6)
  3 crimson imps
  2 jellies
  3 orc priests
  3 goliath beetles
  3 hounds
  6 orc wizards
  Crazy Yiuf (D:3)
  A centaur skeleton (D:8)
  11 worker ants
  An iguana (D:5)
  2 hound zombies (D:8)
  Terence (D:3)
  A mummy (D:6)
  2 river rats (Sewer)
  14 adders
  3 shadow imps
  5 giant mites
  7 worms
  2 adder zombies (D:6)
  10 giant geckos
  5 oozes (Sewer)
  26 orcs
  16 bats
  4 giant cockroaches
  13 hobgoblins
  8 jackals
  19 kobolds
  5 quokkas
  4 ball pythons
  A giant spore (D:6)
  12 goblins
  A quokka skeleton (D:8)
  A quokka zombie (D:8)
  10 rats
  A ballistomycete (D:6)
  2 fungi (D:3)
249 creatures vanquished.

Vanquished Creatures (others)
  An orc (D:8)
  A quokka (D:8)
  A rat (D:8)
3 creatures vanquished.

Grand Total: 252 creatures vanquished

Notes
Turn   | Place    | Note
--------------------------------------------------------------
     0 | D:1      | vatarom, the Vine Stalker Assassin, began the quest for the Orb.
     0 | D:1      | Reached XP level 1. HP: 11/11 MP: 1/1
    66 | D:1      | Reached skill level 5 in Stealth
   105 | D:1      | Reached skill level 1 in Dodging
   274 | D:1      | Reached XP level 2. HP: 15/15 MP: 3/3
   609 | D:2      | Reached XP level 3. HP: 18/18 MP: 4/4
   698 | D:2      | Found an iron altar of Okawaru.
   738 | D:2      | Found a snail-covered altar of Cheibriados.
   786 | D:2      | Became a worshipper of Warmaster Okawaru
  1390 | D:3      | Noticed Terence
  1399 | D:3      | Killed Terence
  1401 | D:3      | Reached XP level 4. HP: 23/23 MP: 5/5
  1704 | D:3      | Noticed Crazy Yiuf
  1714 | D:3      | Killed Crazy Yiuf
  1877 | D:3      | Reached XP level 5. HP: 23/26 MP: 7/7
  2332 | D:4      | Found a sacrificial altar of Ru.
  2531 | D:3      | Gained mutation: You heal very quickly. [vine stalker growth]
  2531 | D:3      | Reached XP level 6. HP: 10/30 MP: 8/8
  2624 | D:4      | Found a glowing golden altar of the Shining One.
  2755 | D:4      | Reached skill level 5 in Dodging
  2915 | D:5      | Entered Level 5 of the Dungeon
  3002 | D:5      | Found a shattered altar of Ashenzari.
  3091 | D:5      | Acquired Okawaru's first power
  3189 | D:5      | Found an opulent altar of Gozag.
  3325 | D:5      | Found a deep blue altar of Sif Muna.
  3452 | D:5      | Reached XP level 7. HP: 20/35 MP: 6/9
  3782 | D:6      | Found a glowing drain.
  3817 | Sewer    | Entered a sewer
  4356 | Sewer    | Reached skill level 5 in Fighting
  4440 | Sewer    | Gained mutation: You have razor-sharp teeth. [vine stalker growth]
  4440 | Sewer    | Reached XP level 8. HP: 40/43 MP: 11/11
  4655 | D:6      | Reached skill level 6 in Fighting
  4911 | D:6      | Reached skill level 7 in Fighting
  5978 | D:7      | Reached XP level 9. HP: 50/50 MP: 12/12
  6109 | D:8      | Reached skill level 5 in Short Blades
  6402 | D:8      | Found a shimmering altar of Xom.
  6402 | D:8      | Found a glowing silver altar of Zin.
  6402 | D:8      | Noticed an angel
  6520 | D:8      | HP: 1/50 [orc warrior/scimitar (9)]
  6828 | D:8      | Found a white marble altar of Elyvilon.
  6904 | D:8      | Reached skill level 1 in Armour
  7003 | D:8      | Noticed Charly's ghost (experienced NaSk)
  7248 | D:7      | Gained mutation: You expend magic power (3 MP) to slightly strengthen your wands. [potion of mutation]
  7248 | D:7      | Gained mutation: You are partially covered in thin metallic scales (AC +2). [potion of mutation]
  7248 | D:7      | Gained mutation: You tend to lose your temper in combat. [potion of mutation]
  7262 | D:7      | Found a runed door.
  7266 | D:7      | Found a staircase to the Ecumenical Temple.
  7276 | D:7      | Found a basalt altar of Yredelemnul.
  7324 | Temple   | Entered the Ecumenical Temple
  8001 | D:8      | Noticed a hill giant
  8023 | D:8      | Killed a hill giant
  8023 | D:8      | Reached skill level 5 in Armour
  8023 | D:8      | Reached XP level 10. HP: 55/55 MP: 13/13
  8193 | D:9      | Noticed a cyan ugly thing
  8292 | D:8      | Killed Charly's ghost
  8405 | D:9      | Killed a cyan ugly thing
  8405 | D:9      | Acquired Okawaru's second power
  8817 | D:9      | Slain by a troll

Action                   |  1- 3 |  4- 6 |  7- 9 | 10-12 || total
-------------------------+-------+-------+-------+-------++-------
Melee: Dagger            |    58 |   210 |   593 |   191 ||  1052
 Fire: Blowgun           |     5 |    14 |    46 |     9 ||    74
Throw: Tomahawk          |    14 |       |     4 |       ||    18
Invok: Heroism           |       |       |       |     1 ||     1
Evoke: Wand              |       |       |     5 |       ||     5
  Use: Scroll            |     5 |       |    16 |       ||    21
       Potion            |     1 |     3 |     8 |     1 ||    13
 Stab: Sleeping          |     9 |     6 |    14 |       ||    29
       Distracted        |       |       |     3 |     2 ||     5
  Eat: Bread ration      |     1 |     1 |     4 |     1 ||     7
       Chunk             |       |       |     1 |       ||     1
       Meat ration       |       |       |       |     1 ||     1
